[Event "Titled Tuesday Blitz January 31 Late 2023"]
[White "Ibarra Jerez, Jose Carlos"]
[Black "Szabo, Marcell"]
[WhiteFideId "2226332"]
[BlackFideId "2072033"]
[WhiteElo "2563"]
[BlackElo "1895"]
[Result "1-0"]
[Round "02"]
[TimeControl "180+2"]
[Date "2023.01.31"]
[WhiteClock "0:01:16"]
[BlackClock "0:01:32"]

1. e4 c6 2. Nf3 d5 3. d3 dxe4 4. dxe4 Qxd1+ 5. Kxd1 Nf6 6. Nbd2 Bg4 7. Be2 Nbd7 8. Ne1 Bxe2+ 9. Kxe2 e5 10. f3 O-O-O 11. a4 Ne8 12. Nc4 Nc7 13. Nd3 f6 14. Be3 a6 15. b4 Ne6 16. c3 g5 17. Rhb1 Nf4+ 18. Bxf4 gxf4 19. b5 Nc5 20. Nxc5 Bxc5 21. bxc6 bxc6 22. Na5 Be3 23. Ra2 Rd6 24. Nc4 Rd7 25. Rab2 Ba7 26. Nb6+ Bxb6 27. Rxb6 Rhd8 28. Rxc6+ Rc7 29. Rbb6 Rg8 30. Kf1 a5 31. Rxc7+ Kxc7 32. Rxf6 Rb8 33. Re6 Rb1+ 34. Ke2 Rb2+ 35. Kd3 Rxg2 36. Rxe5 Rxh2 37. Rxa5 h5 38. Rf5 h4 39. Rxf4 h3 40. Rh4 Rh1 41. Rh6 h2 42. Kc4 Kb7 43. a5 Kc7 44. a6 Kb8 45. Rh7 Ka8 46. Kc5 Kb8 47. c4 Ka8 48. Kc6 Kb8 49. c5 Ka8 50. f4 Kb8 51. a7+ Ka8 52. e5 Rf1 53. Rxh2 Rxf4 54. e6 Rf8 55. e7 Re8 56. Kd7 Rc8 57. Kxc8 Kxa7 1-0


[Site "https://www.chess.com"]

[Event "Titled Tuesday Blitz January 31 Late 2023"]
[White "Van Foreest, Lucas"]
[Black "Martynov, Pavel"]
[WhiteFideId "1039792"]
[BlackFideId "4101260"]
[WhiteElo "2556"]
[BlackElo "2414"]
[Result "1-0"]
[Round "02"]
[TimeControl "180+2"]
[Date "2023.01.31"]
[WhiteClock "0:00:07"]
[BlackClock "0:00:05"]

1. e4 c5 2. Qg4 Nc6 3. Qh4 e6 4. Qxd8+ Nxd8 5. Nf3 Nc6 6. c3 Nf6 7. Bd3 Be7 8. O-O O-O 9. Re1 d5 10. exd5 exd5 11. Bb5 Bd6 12. d3 Bd7 13. Bg5 Rfe8 14. Nbd2 a6 15. Ba4 b5 16. Bc2 Bf5 17. Bxf6 gxf6 18. Nf1 d4 19. cxd4 Nxd4 20. Nxd4 cxd4 21. Nd2 Rxe1+ 22. Rxe1 Bb4 23. Re2 Rc8 24. Nb3 Bg4 25. f3 Be6 26. Kf2 a5 27. a3 a4 28. Na1 Bd6 29. g3 Kg7 30. Bb1 Rc1 31. Re1 Rxe1 32. Kxe1 Bd5 33. Kf2 Bb3 34. Bc2 Ba2 35. Bd1 b4 36. axb4 Bxb4 37. Bxa4 f5 38. Nc2 Bc5 39. b4 Bb6 40. Ke2 Kf6 41. f4 Ke6 42. Kd2 Kd5 43. Na1 f6 44. Bb3+ Bxb3 45. Nxb3 Bc7 46. Kc2 Bd6 47. b5 Bc7 48. Nd2 Kc5 49. Nf3 Bb6 50. Nh4 Kxb5 51. Nxf5 Kc6 52. Kd2 Kd5 53. Ke2 Ke6 54. g4 Kf7 55. Kf3 Ke6 56. Ke4 Bc7 57. Nxd4+ Kf7 58. Nf5 Kg6 59. Ng3 h5 60. Nxh5 1-0


[Site "https://www.chess.com"]

[Event "Titled Tuesday Blitz January 31 Late 2023"]
[White "Musovic, Armin"]
[Black "Kowalski, Igor"]
[WhiteFideId "939935"]
[BlackFideId "1172468"]
[WhiteElo "2261"]
[BlackElo "2380"]
[Result "1/2-1/2"]
[Round "02"]
[TimeControl "180+2"]
[Date "2023.01.31"]
[WhiteClock "0:00:31"]
[BlackClock "0:00:05"]

1. e4 g6 2. Nc3 Bg7 3. a3 c5 4. Bc4 e6 5. d3 Ne7 6. Bg5 h6 7. Bh4 g5 8. Bg3 d5 9. Ba2 Qb6 10. Qc1 d4 11. Nb1 f5 12. exf5 exf5 13. Bxb8 Rxb8 14. Nd2 Be6 15. Qb1 Nd5 16. Ne2 O-O 17. O-O f4 18. Ne4 f3 19. gxf3 Rxf3 20. b4 cxb4 21. axb4 Rbf8 22. Nc5 Kh8 23. Bc4 Be5 24. Ng3 Bxg3 25. hxg3 Nc3 26. Qe1 Bxc4 27. dxc4 Qd6 28. Ne4 Qxb4 29. Nxc3 Qxc3 30. Qe5+ Kh7 31. Rxa7 R3f7 32. Rxb7 Qxc4 33. Qe4+ Kg7 34. Rb6 Rf6 35. Rb7+ R8f7 36. Rxf7+ Rxf7 37. Rb1 Qc5 38. Rb7 Rxb7 39. Qxb7+ Kf6 40. Qa6+ Kg7 41. Qb7+ Kf6 42. Qa6+ Kg7 43. Qb7+ 1/2-1/2


[Site "https://www.chess.com"]

[Event "Titled Tuesday Blitz January 31 Late 2023"]
[White "Iskusnyh, Sergei"]
[Black "Pakleza, Zbigniew"]
[WhiteFideId "4120027"]
[BlackFideId "1119290"]
[WhiteElo "2440"]
[BlackElo "2494"]
[Result "1-0"]
[Round "02"]
[TimeControl "180+2"]
[Date "2023.01.31"]
[WhiteClock "0:00:03"]
[BlackClock "0:00:04"]

1. d4 d6 2. Nf3 Bg4 3. c4 c6 4. Nc3 Nf6 5. g3 Bxf3 6. exf3 e6 7. d5 exd5 8. cxd5 c5 9. Bh3 Be7 10. Qb3 Qc7 11. O-O O-O 12. Re1 Re8 13. Bf4 Na6 14. Re2 Bf8 15. Rae1 Rxe2 16. Rxe2 h6 17. Qa4 Nb4 18. Qd1 c4 19. Rd2 Nd3 20. Be3 Qa5 21. Bf1 Nxb2 22. Rxb2 Qxc3 23. Rxb7 a5 24. Rc7 Qa3 25. Bxc4 Re8 26. Bb3 a4 27. Bxa4 Rb8 28. Bb3 Qb4 29. Rc6 Qb7 30. Kg2 Nd7 31. h4 Ne5 32. Bd4 Nxc6 33. dxc6 Qxc6 34. Qd3 Rc8 35. Qf5 Re8 36. Qxf7+ Kh7 37. Qg8+ Kg6 38. Bf7+ Kf5 39. Qh7+ g6 40. Qxg6# 1-0


[Site "https://www.chess.com"]

[Event "Titled Tuesday Blitz January 31 Late 2023"]
[White "Boruchovsky, Avital"]
[Black "Pasti, Aron"]
[WhiteFideId "2800055"]
[BlackFideId "785857"]
[WhiteElo "2539"]
[BlackElo "2361"]
[Result "1-0"]
[Round "02"]
[TimeControl "180+2"]
[Date "2023.01.31"]
[WhiteClock "0:01:37"]
[BlackClock "0:00:22"]

1. e4 c5 2. c3 d5 3. exd5 Qxd5 4. d4 e6 5. Nf3 Nf6 6. Na3 Nc6 7. Nb5 Qd8 8. dxc5 Bxc5 9. Qxd8+ Kxd8 10. Bf4 Ne4 11. Nbd4 f6 12. Bd3 Nxf2 13. Kxf2 e5 14. Be3 exd4 15. cxd4 Bb6 16. Rad1 Bg4 17. d5 Bxe3+ 18. Kxe3 Re8+ 19. Kf4 Ne5 20. Bxh7 Bxf3 21. gxf3 g6 22. Rhg1 g5+ 23. Kf5 Ke7 24. d6+ Kf7 25. f4 gxf4 26. d7 Red8 27. Bg8+ Ke7 28. Be6 f3 29. Rg7+ Kf8 30. Kxf6 Nxd7+ 31. Rdxd7 1-0


[Site "https://www.chess.com"]

[Event "Titled Tuesday Blitz January 31 Late 2023"]
[White "Bernadskiy, Vitaliy"]
[Black "Yurovskykh, Oleksandr"]
[WhiteFideId "14100371"]
[BlackFideId "14134020"]
[WhiteElo "2592"]
[BlackElo "2328"]
[Result "1/2-1/2"]
[Round "02"]
[TimeControl "180+2"]
[Date "2023.01.31"]
[WhiteClock "0:00:20"]
[BlackClock "0:00:58"]

1. d4 d5 2. Nf3 Nf6 3. c3 c5 4. dxc5 e6 5. Be3 a5 6. Na3 Na6 7. Nb5 Bxc5 8. Bxc5 Nxc5 9. e3 O-O 10. Be2 b6 11. O-O Bb7 12. a4 Qe7 13. Nd2 Rfd8 14. Nb3 Rac8 15. Re1 Nfe4 16. Bf3 Nxb3 17. Qxb3 Nc5 18. Qc2 Bc6 19. Be2 g6 20. Qd1 Qb7 21. Bf1 Be8 22. h4 h5 23. g3 Bc6 24. Rb1 Qd7 25. b3 Bb7 26. Qd4 Bc6 27. Red1 Bxb5 28. Bxb5 Qc7 29. Rdc1 Nb7 30. Bf1 Qc5 31. Ba6 Rc7 32. Bxb7 Rxb7 33. b4 Qxd4 34. cxd4 axb4 35. Rxb4 Ra8 36. Ra1 Rba7 37. Kf1 b5 38. Rxb5 Rxa4 39. Rxa4 Rxa4 40. Rb7 Ra2 41. Kg2 Kg7 42. Kf3 Kf6 43. Rc7 Rb2 44. Ra7 Rc2 45. Rb7 Ra2 46. Rc7 Rb2 47. Ra7 Rc2 48. Rb7 Ra2 1/2-1/2


[Site "https://www.chess.com"]

[Event "Titled Tuesday Blitz January 31 Late 2023"]
[White "Galchenko, Matvey"]
[Black "Martinez Reyes, Pedro Ramon"]
[WhiteFideId "24175480"]
[BlackFideId "3901807"]
[WhiteElo "2438"]
[BlackElo "2376"]
[Result "0-1"]
[Round "02"]
[TimeControl "180+2"]
[Date "2023.01.31"]
[WhiteClock "0:00:05"]
[BlackClock "0:00:34"]

1. e4 e6 2. d4 d5 3. exd5 exd5 4. Nf3 Nf6 5. c4 Be7 6. Nc3 O-O 7. Bd3 Nc6 8. O-O dxc4 9. Bxc4 a6 10. h3 Bf5 11. Re1 h6 12. a3 Bd6 13. Ne5 Bxe5 14. dxe5 Qxd1 15. Nxd1 Nd7 16. Bf4 Be6 17. Bf1 Nd4 18. Rc1 Rac8 19. Ne3 Rfd8 20. Nc4 Nc5 21. b4 Na4 22. Na5 b6 23. Nb7 Rd7 24. Bxa6 Ra8 25. b5 Nb3 26. Rcd1 Rxd1 27. Rxd1 Nac5 28. Nxc5 Nxc5 29. Rd4 g5 30. Be3 Nxa6 31. Ra4 Bc8 32. f4 gxf4 33. Bxf4 Kh7 34. Be3 Bb7 35. bxa6 Rxa6 36. Rh4 Rxa3 37. Bxh6 Ra2 38. Be3+ Kg6 39. Rg4+ Kf5 40. Rg5+ Ke6 41. h4 b5 42. h5 b4 43. h6 Be4 44. Bd4 Rd2 45. Be3 Rd1+ 46. Kf2 b3 47. Rg4 b2 0-1


[Site "https://www.chess.com"]

[Event "Titled Tuesday Blitz January 31 Late 2023"]
[White "Bacrot, Etienne"]
[Black "Shapiro, Viktor"]
[WhiteFideId "605506"]
[BlackFideId "4175700"]
[WhiteElo "2667"]
[BlackElo "2192"]
[Result "1-0"]
[Round "02"]
[TimeControl "180+2"]
[Date "2023.01.31"]
[WhiteClock "0:02:00"]
[BlackClock "0:01:02"]

1. e4 Nf6 2. e5 Nd5 3. Bc4 Nb6 4. Bb3 c5 5. d3 Nc6 6. Nf3 a5 7. a4 d5 8. e6 Bxe6 9. O-O f6 10. Re1 Bf7 11. Nc3 e6 12. Bf4 Be7 13. Nb5 Rc8 14. c4 d4 15. Re4 O-O 16. Qe2 e5 17. Bg3 Bg6 18. Re1 Qd7 19. Nh4 Bf7 20. f4 Rce8 21. f5 g5 22. fxg6 hxg6 23. Rg4 Kh7 24. Rf1 f5 25. Re4 fxe4 26. Qxe4 Bg5 27. Bd1 Qe7 28. Bh5 Rg8 29. Nf5 gxf5 30. Rxf5 Bxh5 31. Rf7+ Kh6 32. Qh7# 1-0


[Site "https://www.chess.com"]

[Event "Titled Tuesday Blitz January 31 Late 2023"]
[White "Srbis, Jurica"]
[Black "Bayo Milagro, Alvaro"]
[WhiteFideId "14515555"]
[BlackFideId "22275240"]
[WhiteElo "2433"]
[BlackElo "2287"]
[Result "1-0"]
[Round "02"]
[TimeControl "180+2"]
[Date "2023.01.31"]
[WhiteClock "0:00:59"]
[BlackClock "0:00:38"]

1. e4 e5 2. Nf3 Nc6 3. Nc3 Nf6 4. d4 exd4 5. Nxd4 Bb4 6. Nxc6 bxc6 7. Bd3 d5 8. exd5 cxd5 9. O-O O-O 10. h3 Re8 11. Qf3 c6 12. Bf4 Bd6 13. Ne2 Ne4 14. Rad1 Bd7 15. Bxe4 dxe4 16. Qg3 Bxf4 17. Nxf4 Qc7 18. Rd4 Bf5 19. Rfd1 Rab8 20. b3 Rbd8 21. Rxd8 Rxd8 22. Nd5 Qa5 23. Ne7+ Kf8 24. Rxd8+ Kxe7 25. Qd6# 1-0


[Site "https://www.chess.com"]

[Event "Titled Tuesday Blitz January 31 Late 2023"]
[White "Sivakumar, Shaaketh"]
[Black "Holt, Conrad"]
[WhiteFideId "30940176"]
[BlackFideId "2034387"]
[WhiteElo "2337"]
[BlackElo "2540"]
[Result "0-1"]
[Round "02"]
[TimeControl "180+2"]
[Date "2023.01.31"]
[WhiteClock "0:00:13"]
[BlackClock "0:00:03"]

1. e4 e6 2. d4 d5 3. Nc3 Nf6 4. e5 Nfd7 5. f4 c5 6. Nf3 Nc6 7. Be2 cxd4 8. Nxd4 Nxd4 9. Qxd4 Bc5 10. Qd3 b6 11. Be3 Ba6 12. Qd2 Bxe2 13. Nxe2 Qh4+ 14. g3 Qg4 15. O-O h5 16. Kg2 h4 17. h3 Qg6 18. g4 Bxe3 19. Qxe3 Qxc2 20. Rf2 Nc5 21. Nd4 Qd3 22. Kf3 Rc8 23. Rc1 Kd7 24. Rfc2 Qe4+ 25. Qxe4 Nxe4 26. Nb5 Rc5 27. b4 Rc4 28. Nxa7 Nd2+ 29. Ke3 Rxc2 30. Rxc2 Nc4+ 31. Kd4 Ra8 32. Nb5 Kc6 33. Nd6 b5 34. f5 f6 35. Nxc4 dxc4 36. fxe6 Rd8+ 37. Ke4 Rd5 38. exf6 gxf6 39. a4 Re5+ 40. Kd4 Rd5+ 41. Ke4 Re5+ 42. Kd4 Rd5+ 43. Ke3 Re5+ 44. Kf4 Rxe6 45. Kf5 Re3 46. Kxf6 Rxh3 47. g5 Rf3+ 48. Ke5 h3 49. g6 Rg3 50. Kf6 bxa4 51. Rxc4+ Kb5 52. Rc5+ Kxb4 53. Rh5 a3 54. g7 a2 55. Rxh3 a1=Q+ 56. Kf7 Rxg7+ 0-1


[Site "https://www.chess.com"]

[Event "Titled Tuesday Blitz January 31 Late 2023"]
[White "Yuan, Qingyu"]
[Black "Moral Garcia, Serafin"]
[WhiteFideId "8609772"]
[BlackFideId "2201925"]
[WhiteElo "2373"]
[BlackElo "2238"]
[Result "1-0"]
[Round "02"]
[TimeControl "180+2"]
[Date "2023.01.31"]
[WhiteClock "0:00:47"]
[BlackClock "0:00:17"]

1. e4 e5 2. Nf3 Nf6 3. Nxe5 d6 4. Nf3 Nxe4 5. d4 d5 6. Bd3 Nc6 7. O-O Be7 8. Nbd2 Nxd2 9. Bxd2 O-O 10. h3 Bf6 11. c3 Re8 12. Bf4 Be6 13. Re1 Qd7 14. Qc2 g6 15. Re2 Re7 16. Rae1 Rae8 17. Ng5 Bg7 18. Nxe6 Rxe6 19. Rxe6 Rxe6 20. Rxe6 fxe6 21. Qe2 Ne7 22. Bc2 c6 23. h4 Nf5 24. h5 Qf7 25. hxg6 hxg6 26. g3 Bf6 27. Kg2 Ne7 28. Qg4 Nf5 29. Bd3 Kf8 30. Qh3 Kg8 31. Qh1 Kf8 32. Qd1 Kg8 33. Qa4 a6 34. Qb4 Qe7 35. Qb6 Qd7 36. Qa7 Qc8 37. a4 Kf7 38. Bxa6 Ne7 39. Qxb7 Qh8 40. Be2 g5 41. Be3 Qh7 42. a5 Qc2 43. Bh5+ Kg7 44. a6 1-0


[Site "https://www.chess.com"]

[Event "Titled Tuesday Blitz January 31 Late 2023"]
[White "Boros, Denes"]
[Black "Migot, Tangi"]
[WhiteFideId "722340"]
[BlackFideId "662445"]
[WhiteElo "2406"]
[BlackElo "2373"]
[Result "0-1"]
[Round "02"]
[TimeControl "180+2"]
[Date "2023.01.31"]
[WhiteClock "0:02:05"]
[BlackClock "0:00:41"]

1. d4 Nf6 2. Nc3 g6 3. e4 d6 4. g4 Bxg4 5. f3 Bc8 6. Nge2 Nbd7 7. Be3 b5 8. Nf4 b4 9. Nce2 Ba6 10. Qd2 c5 11. dxc5 Nxc5 12. h4 h5 13. O-O-O Qa5 14. Kb1 Bg7 15. Rg1 Na4 16. Nd4 Bxf1 17. Rdxf1 Rb8 18. Nb3 Qb5 19. Rg5 Qxf1+ 20. Nc1 O-O 21. Nd3 Nh7 22. Rg3 Nc3+ 23. Ka1 Qd1 24. Qg2 b3 25. cxb3 Rfc8 26. bxc3 Rxc3 27. Kb1 Rxd3 28. Rxg6 0-1


[Site "https://www.chess.com"]

[Event "Titled Tuesday Blitz January 31 Late 2023"]
[White "Paichadze, Luka"]
[Black "Reprintsev, Alexander"]
[WhiteFideId "13602934"]
[BlackFideId "14100541"]
[WhiteElo "2515"]
[BlackElo "2253"]
[Result "1-0"]
[Round "02"]
[TimeControl "180+2"]
[Date "2023.01.31"]
[WhiteClock "0:00:14"]
[BlackClock "0:00:02"]

1. e4 d5 2. exd5 Qxd5 3. Nc3 Qa5 4. g3 Nc6 5. Bg2 Nf6 6. Nf3 Bg4 7. O-O Qh5 8. Re1 Nd4 9. Re3 O-O-O 10. d3 e6 11. h3 Bxh3 12. Nxd4 Qxd1+ 13. Nxd1 Bxg2 14. Nxe6 Re8 15. Kxg2 Rxe6 16. Rxe6 fxe6 17. Nc3 Bb4 18. Bd2 Kd7 19. a3 Ba5 20. b4 Bb6 21. Re1 a5 22. b5 Bd4 23. a4 b6 24. Ne2 Bc5 25. Nf4 Re8 26. Bc3 Bd6 27. Ne2 Bb4 28. Rh1 Bxc3 29. Nxc3 h6 30. Rh4 Ke7 31. Rc4 Rc8 32. Ne2 e5 33. Nc3 Kd7 34. Rc6 Re8 35. f3 Re6 36. Rc4 c5 37. Rh4 Kd6 38. Kf2 Re7 39. Ke2 Rf7 40. Nd1 Nd5 41. Nb2 Kc7 42. Nc4 Nc3+ 43. Kf2 Re7 44. Ne3 Kd7 45. Rc4 Na2 46. c3 Nc1 47. Nd5 Rf7 48. Ke3 Nxd3 49. Kxd3 Rxf3+ 50. Ke4 Rxg3 51. Nxb6+ Ke6 52. Rxc5 Rg4+ 53. Kf3 Rf4+ 54. Kg3 h5 55. Rc6+ Kf5 56. Nd5 h4+ 57. Kh3 Rxa4 58. b6 Ra3 59. b7 Rb3 60. Nb6 g5 61. b8=Q 1-0


[Site "https://www.chess.com"]

[Event "Titled Tuesday Blitz January 31 Late 2023"]
[White "O`Gorman, Tom"]
[Black "Kilic, Eray"]
[WhiteFideId "2508249"]
[BlackFideId "44517173"]
[WhiteElo "2355"]
[BlackElo "2414"]
[Result "0-1"]
[Round "02"]
[TimeControl "180+2"]
[Date "2023.01.31"]
[WhiteClock "0:00:10"]
[BlackClock "0:01:57"]

1. d4 Nf6 2. c4 g6 3. Nf3 Bg7 4. g3 O-O 5. Bg2 d6 6. O-O Nbd7 7. Nc3 e5 8. e4 exd4 9. Nxd4 Nc5 10. Re1 Re8 11. h3 Bd7 12. Nb3 Nxb3 13. axb3 Bc6 14. Bf4 a6 15. Qd2 Qd7 16. Rad1 Re7 17. Bg5 Rae8 18. Qf4 Re6 19. h4 Nxe4 20. Nxe4 f5 21. f3 Qf7 22. Bh3 Re5 23. Qe3 fxe4 24. f4 Rc5 25. Rf1 h6 26. f5 hxg5 27. fxg6 Qxg6 0-1


[Site "https://www.chess.com"]

[Event "Titled Tuesday Blitz January 31 Late 2023"]
[White "Bartel, Mateusz"]
[Black "Roux, Baptiste"]
[WhiteFideId "1112635"]
[BlackFideId "36017450"]
[WhiteElo "2609"]
[BlackElo "2300"]
[Result "1-0"]
[Round "02"]
[TimeControl "180+2"]
[Date "2023.01.31"]
[WhiteClock "0:00:13"]
[BlackClock "0:00:01"]

1. Nf3 d5 2. h3 b6 3. d4 Bb7 4. Bf4 Nf6 5. e3 e6 6. Nbd2 Bd6 7. Ne5 O-O 8. Bd3 c5 9. Qf3 c4 10. Bxc4 Ne4 11. Bd3 f5 12. g4 Nc6 13. Nxc6 Bxc6 14. O-O-O Rc8 15. gxf5 exf5 16. Rhg1 Rf7 17. Kb1 Bb7 18. Bxd6 Qxd6 19. Qg2 Qb4 20. Nb3 a5 21. a3 Qe7 22. f3 Nd6 23. Qg5 Re8 24. Qf4 Nc4 25. Rde1 a4 26. Nc1 Ba6 27. Bxc4 Bxc4 28. h4 b5 29. c3 Kh8 30. h5 Rf6 31. Na2 Bxa2+ 32. Kxa2 Qd7 33. Rg5 Ref8 34. Reg1 R6f7 35. Rg6 Qc8 36. Ka1 Qc4 37. Qe5 Qe2 38. Rxg7 Rf6 39. R7g3 Qc4 40. Qxf6+ 1-0


[Site "https://www.chess.com"]

[Event "Titled Tuesday Blitz January 31 Late 2023"]
[White "Borges Feria, Yasel"]
[Black "Riff, Vincent"]
[WhiteFideId "3504921"]
[BlackFideId "617776"]
[WhiteElo "2439"]
[BlackElo "2383"]
[Result "1-0"]
[Round "02"]
[TimeControl "180+2"]
[Date "2023.01.31"]
[WhiteClock "0:00:26"]
[BlackClock "0:00:20"]

1. d4 d5 2. c4 c6 3. Nf3 Nf6 4. Qb3 g6 5. Nc3 Bg7 6. Bf4 O-O 7. e3 a6 8. Bd3 e6 9. O-O Nbd7 10. a4 Re8 11. Rac1 Nb6 12. h3 Nxc4 13. Bxc4 dxc4 14. Qxc4 Nd5 15. Bg3 Qb6 16. Ne4 Qb4 17. Qa2 Qa5 18. Nd6 Rd8 19. Nc4 Qb4 20. a5 Bd7 21. Nfe5 Be8 22. Nd3 Qe7 23. Nc5 h5 24. Rfd1 h4 25. Bh2 f6 26. e4 Nc7 27. Bxc7 Qxc7 28. Nxe6 Qf7 29. Nxd8 Rxd8 30. Qb3 f5 31. e5 Bd7 32. Qxb7 f4 33. f3 Bf8 34. d5 Bc5+ 35. Kh1 Be8 36. Qxf7+ Kxf7 37. dxc6 Rxd1+ 38. Rxd1 Bxc6 39. Nd6+ Ke6 40. Rc1 Kd5 41. Ne4 Be3 42. Rc3 Bb5 43. Rc8 Kxe5 44. Rh8 Bc1 45. Nc3 Bd3 46. Re8+ Kd4 47. Rd8+ Kc4 48. Nd5 Bf5 49. b4 Bd2 50. Kg1 Kb5 51. Nc7+ Kc6 52. Rxd2 Kxc7 53. Rd5 Kc6 54. Rc5+ Kd6 55. Kf2 Bd3 56. Rc3 Bb5 57. Rc5 Bd3 58. Kg1 Kd7 59. Rc3 Bb5 60. Kf2 Kd6 61. Ke1 Kd5 62. Rc5+ Kd6 63. Rxb5 axb5 64. Kd2 g5 65. Kd3 Kd5 66. a6 Kc6 67. Kd4 Kb6 68. Kd5 Kxa6 69. Kc6 Ka7 70. Kxb5 Kb7 71. Kc5 g4 72. Kd5 g3 73. Ke4 Kb6 74. Kxf4 Kb5 75. Kg4 Kxb4 76. Kxh4 Kc3 77. Kxg3 Kd4 78. Kg4 Ke5 79. h4 1-0


[Site "https://www.chess.com"]

[Event "Titled Tuesday Blitz January 31 Late 2023"]
[White "Liu, Eric"]
[Black "Fier, Alexandr"]
[WhiteFideId "30960240"]
[BlackFideId "2107139"]
[WhiteElo "2299"]
[BlackElo "2589"]
[Result "1-0"]
[Round "02"]
[TimeControl "180+2"]
[Date "2023.01.31"]
[WhiteClock "0:01:23"]
[BlackClock "0:01:31"]

1. Nf3 b5 2. e3 a6 3. b3 Bb7 4. Bb2 e6 5. Be2 Nf6 6. O-O c5 7. c4 b4 8. d4 cxd4 9. exd4 d5 10. Ne5 Be7 11. Nd2 O-O 12. Bd3 Nc6 13. Ndf3 Ne4 14. Nxc6 Bxc6 15. Ne5 Bb7 16. f3 Nf6 17. c5 a5 18. Qc2 Ba6 19. a3 Bxd3 20. Qxd3 Qc7 21. axb4 axb4 22. Qb5 Rab8 23. Qc6 Qd8 24. Ra7 Rc8 25. Qa4 Qe8 26. Qxb4 Nh5 27. Nd7 Bg5 28. Nxf8 Qxf8 29. Bc1 Bxc1 30. Rxc1 g6 31. Qb7 Nf4 32. Rca1 Ne2+ 33. Kf2 Nxd4 34. Ra8 Qh6 35. Qxc8+ Kg7 36. Qh8# 1-0


[Site "https://www.chess.com"]

[Event "Titled Tuesday Blitz January 31 Late 2023"]
[White "Slade, Theodore"]
[Black "Yanchenko, Roman"]
[WhiteFideId "426547"]
[BlackFideId "4137329"]
[WhiteElo "1995"]
[BlackElo "2466"]
[Result "0-1"]
[Round "02"]
[TimeControl "180+2"]
[Date "2023.01.31"]
[WhiteClock "0:00:15"]
[BlackClock "0:00:23"]

1. d4 d5 2. c4 c6 3. Nf3 Bf5 4. Nc3 e6 5. e3 Bd6 6. Bd3 Bg6 7. O-O Nf6 8. b3 Nbd7 9. Bb2 Qe7 10. Rc1 a6 11. Qe2 Ba3 12. Bxa3 Qxa3 13. c5 O-O 14. Rb1 Rfe8 15. Bxg6 hxg6 16. Qb2 Qxb2 17. Rxb2 e5 18. Nxe5 Nxe5 19. dxe5 Rxe5 20. b4 g5 21. a4 g6 22. h3 g4 23. hxg4 Nxg4 24. g3 Kg7 25. Kg2 Rd8 26. Ne2 Rh8 27. Nd4 Rh2+ 28. Kg1 Reh5 29. Nf3 R2h3 30. Kg2 Rh8 31. b5 axb5 32. axb5 R3h5 33. bxc6 bxc6 34. Rb6 Ra8 35. Rxc6 Ra2 36. Kg1 Rf5 37. Nd4 Rfxf2 38. Rxf2 Nxf2 39. Rc8 Ng4 40. c6 Ra1+ 41. Kg2 Rc1 42. Kf3 f5 43. c7 Rc3 44. Ne6+ Kf6 45. Rf8+ Kxe6 46. c8=Q+ Rxc8 47. Rxc8 g5 48. Rc6+ Kf7 49. Rd6 Nf6 50. Kg2 Ke7 51. Ra6 Kf7 52. Ra7+ Ke6 53. Ra6+ Ke5 54. Kf3 g4+ 55. Kg2 Ne4 56. Ra8 Nd6 57. Ra7 Nc4 58. Re7+ Kf6 59. Re8 Kf7 60. Ra8 Nxe3+ 61. Kf2 Nc4 62. Rd8 Ke6 63. Re8+ Kf6 64. Rd8 Ke5 65. Re8+ Kd4 66. Rf8 Nd6 67. Rd8 Ke5 68. Ke3 d4+ 69. Kf2 Ne4+ 70. Kg2 Nc5 71. Re8+ Kd5 72. Rf8 Ke4 73. Re8+ Kd5 74. Rf8 d3 75. Rxf5+ Kd4 76. Rf8 d2 77. Rd8+ Ke3 78. Re8+ Ne4 79. Rd8 Nc3 80. Re8+ Kd3 81. Rd8+ Ke2 82. Re8+ Kd3 83. Rd8+ Kc2 84. Kf2 d1=Q 85. Rxd1 Nxd1+ 86. Ke2 Kc3 87. Kxd1 Kd3 88. Ke1 Ke3 89. Kf1 Kf3 90. Kg1 Kxg3 91. Kh1 Kf2 92. Kh2 g3+ 0-1


[Site "https://www.chess.com"]

[Event "Titled Tuesday Blitz January 31 Late 2023"]
[White "Tactrics"]
[Black "Ehlvest, Jaan"]
[BlackFideId "4500016"]
[WhiteElo "2794"]
[BlackElo "2530"]
[Result "1-0"]
[Round "02"]
[TimeControl "180+2"]
[Date "2023.01.31"]
[WhiteClock "0:01:06"]
[BlackClock "0:00:27"]

1. e4 c5 2. Nf3 Nc6 3. Bb5 e6 4. Bxc6 bxc6 5. O-O Ne7 6. Re1 Ng6 7. c3 Be7 8. d4 cxd4 9. cxd4 d5 10. Nc3 O-O 11. Be3 a5 12. Rc1 Bd7 13. e5 f6 14. exf6 gxf6 15. Na4 Bd6 16. Bh6 Re8 17. h4 Kh8 18. h5 Ne7 19. Qd2 Nf5 20. Bf4 Bb4 21. Nc3 Rg8 22. a3 Bf8 23. Ne2 Qe8 24. h6 Qg6 25. Ng3 a4 26. Ne5 fxe5 27. Bxe5+ Ng7 28. Qf4 Re8 29. Rc3 Re7 30. Rf3 1-0


[Site "https://www.chess.com"]

[Event "Titled Tuesday Blitz January 31 Late 2023"]
[White "Avila Pavas, Santiago"]
[Black "Dobrikov, Marco"]
[WhiteFideId "4437128"]
[BlackFideId "12950378"]
[WhiteElo "2522"]
[BlackElo "2269"]
[Result "1-0"]
[Round "02"]
[TimeControl "180+2"]
[Date "2023.01.31"]
[WhiteClock "0:01:38"]
[BlackClock "0:00:59"]

1. d4 g6 2. e4 Bg7 3. Nc3 d6 4. Be3 a6 5. Qd2 b5 6. h4 h5 7. f3 Nd7 8. Nh3 e6 9. Ng5 Nb6 10. O-O-O Ne7 11. g4 b4 12. Nb1 a5 13. gxh5 Rxh5 14. b3 Ba6 15. Bh3 d5 16. Bg4 Rh8 17. h5 Qd7 18. hxg6 Nxg6 19. Rxh8+ Bxh8 20. Rh1 O-O-O 21. Rh7 Rf8 22. Nxe6 fxe6 23. Rxd7 Kxd7 24. Qh2 Ne7 25. Qh3 dxe4 26. Bxe6+ Kd8 27. Qh6 1-0


[Site "https://www.chess.com"]

[Event "Titled Tuesday Blitz January 31 Late 2023"]
[White "Salimova, Nurgyul"]
[Black "Toncheva, Nadya"]
[WhiteFideId "2915138"]
[BlackFideId "2924056"]
[WhiteElo "2391"]
[BlackElo "2295"]
[Result "1-0"]
[Round "02"]
[TimeControl "180+2"]
[Date "2023.01.31"]
[WhiteClock "0:01:26"]
[BlackClock "0:01:05"]

1. d4 d5 2. Nf3 Nf6 3. Bf4 c5 4. e3 Nc6 5. Nbd2 Qb6 6. dxc5 Qxb2 7. Rb1 Qc3 8. Bb5 g6 9. O-O Bg7 10. Nb3 O-O 11. Qd3 Qxd3 12. cxd3 Bf5 13. Nbd4 Nxd4 14. Nxd4 Bd7 15. Rfc1 Rac8 16. Bxd7 Nxd7 17. c6 bxc6 18. Nxc6 Rfe8 19. Nxe7+ 1-0


[Site "https://www.chess.com"]

[Event "Titled Tuesday Blitz January 31 Late 2023"]
[White "Riehle, Marco"]
[Black "TheKnightOfBosnia"]
[WhiteFideId "12904392"]
[WhiteElo "2368"]
[BlackElo "2502"]
[Result "1-0"]
[Round "02"]
[TimeControl "180+2"]
[Date "2023.01.31"]
[WhiteClock "0:01:21"]
[BlackClock "0:00:09"]

1. e4 e5 2. Nf3 Nc6 3. Bc4 Nf6 4. d4 exd4 5. O-O Nxe4 6. Nc3 d5 7. Bxd5 Nxc3 8. Bxc6+ bxc6 9. bxc3 Bg4 10. Re1+ Be7 11. Ba3 Be6 12. Bxe7 Qxe7 13. Nxd4 O-O 14. Qf3 Qc5 15. Qxc6 Qxc6 16. Nxc6 a5 17. a3 h6 18. h3 Ra6 19. Nd4 Bd5 20. Re7 c5 21. Nf5 Be6 22. Ng3 Rb6 23. Ne4 c4 24. Nc5 Bf5 25. Ra7 Rb5 26. Nb7 Bxc2 27. Nxa5 Bd3 28. a4 Rb2 29. Nc6 Rc2 30. a5 Rxc3 31. a6 Rb3 32. Rc7 c3 33. a7 c2 34. a8=Q Rb1+ 35. Kh2 Rxa8 36. Rxa8+ Kh7 37. Ne5 Bf5 38. g4 Be4 39. Rac8 Rh1+ 40. Kg3 f6 41. f3 1-0


[Site "https://www.chess.com"]

[Event "Titled Tuesday Blitz January 31 Late 2023"]
[White "Karolczuk, Iwo"]
[Black "QuiesPrecatio"]
[WhiteFideId "21816972"]
[WhiteElo "2343"]
[BlackElo "2426"]
[Result "1-0"]
[Round "02"]
[TimeControl "180+2"]
[Date "2023.01.31"]
[WhiteClock "0:00:05"]
[BlackClock "0:00:02"]

1. e4 c6 2. d4 d5 3. f3 dxe4 4. fxe4 e5 5. Nf3 Bg4 6. Bc4 Nd7 7. c3 Bh5 8. O-O Ngf6 9. Bg5 Qc7 10. Qb3 b5 11. Bd3 Bd6 12. Nbd2 h6 13. Bh4 a6 14. a4 O-O 15. Bg3 Bg6 16. Rae1 Rfe8 17. Kh1 Rab8 18. Qa2 c5 19. Nh4 Bh7 20. axb5 axb5 21. d5 c4 22. Bc2 Nc5 23. Rxf6 gxf6 24. Rf1 Nd7 25. Qb1 Qc8 26. Qd1 Nf8 27. Nf5 Bxf5 28. Rxf5 Kh7 29. Rxf6 Qd7 30. Qf3 Rb7 31. Nf1 Ng6 32. Ne3 Bf8 33. Nf5 Bg7 34. Rd6 Qc8 35. h4 Rd7 36. Rc6 Qd8 37. Qg4 Rg8 38. h5 Nf8 39. Nxg7 Rxg7 40. Qf5+ Kh8 41. Rxh6+ Kg8 42. Bxe5 f6 43. Bxf6 Qe8 44. Bxg7 Rxg7 45. e5 Qf7 46. e6 Qxf5 47. Bxf5 Rg5 48. g4 Rg7 49. d6 Rg5 50. e7 1-0


[Site "https://www.chess.com"]